3A
YORK REVOLUTION @ PROVO MANGO
07/21/2025
 
TOP OF THE 1ST
York Revolution batting - Pitching for Provo Mango : RHP Salvador Torres
Pitching: RHP Salvador Torres
Batting: SHB Carlos González 0-0: Called Strike
0-1: Ball
1-1: Ball
2-1: Ball
3-1: Fly out, F8 (Flyball, 8LD)
Batting: RHB Terry Cheadle 0-0: Called Strike
0-1: Foul Ball, location: 2F
0-2: Ball
1-2: Fly out, F5 (Popup, 5)
Batting: LHB Harold Wiggins 0-0: Ball
1-0: Ball
2-0: Ball
3-0: Called Strike
3-1: SINGLE (Groundball, 34D)
Batting: RHB Leo Cadden 0-0: Called Strike
0-1: Ball
Harold Wiggins steals 2nd base
1-1: Foul Ball, location: 2F
1-2: Foul Ball, location: 2F
1-2: Strikes out swinging
Top of the 1st over - 0 run(s), 1 hit(s), 0 error(s), 1 left on base; York 0 - Provo 0
BOTTOM OF THE 1ST
Provo Mango batting - Pitching for York Revolution : RHP Delmar Llerena
Pitching: RHP Delmar Llerena
Batting: RHB Daniel Maldonado 0-0: Ball
1-0: Fly out, F8 (Line Drive, 8RM)
Batting: RHB James Pike 0-0: Foul Ball, location: 2F
0-1: Fly out, F8 (Flyball, 89M)
Batting: SHB Jesús Herrera 0-0: Foul Ball, location: 2F
0-1: Called Strike
0-2: Ball
1-2: Foul Ball, location: 2F
1-2: Ball
2-2: Ball
3-2: Foul Ball, location: 2F
3-2: Base on Balls
Batting: RHB Restin P. Surambe 0-0: Called Strike
0-1: Ball
1-1: Ball
2-1: Fly out, F8 (Flyball, 8LS)
Bottom of the 1st over - 0 run(s), 0 hit(s), 0 error(s), 1 left on base; York 0 - Provo 0
TOP OF THE 2ND
York Revolution batting - Pitching for Provo Mango : RHP Salvador Torres
Batting: SHB Roberto Córdova 0-0: Ball
1-0: Ball
2-0: Ball
3-0: Base on Balls
Batting: RHB Jorge Estrada 0-0: Called Strike
0-1: Foul Ball, location: 2F
0-2: Foul Ball, location: 2F
0-2: Foul Ball, location: 2F
0-2: Fielders Choice at 2nd, 1-6 (Groundball, 13S)
Batting: RHB Chano Guzmán 0-0: Grounds into double play, 5-4-3 (Groundball, 56)
Top of the 2nd over - 0 run(s), 0 hit(s), 0 error(s), 0 left on base; York 0 - Provo 0
BOTTOM OF THE 2ND
Provo Mango batting - Pitching for York Revolution : RHP Delmar Llerena
Batting: RHB Jaquiski Tartt 0-0: SINGLE (Groundball, 6MD)
Batting: RHB José Salazar 0-0: Swinging Strike
0-1: Fly out, F9 (Flyball, 9)
Batting: RHB Jesús Ramos 0-0: Ball
1-0: Ball
2-0: Fly out, F7 (Flyball, 7)
Batting: RHB Rhett Barry 0-0: Called Strike
0-1: Ball
1-1: Swinging Strike
1-2: Strikes out swinging
Bottom of the 2nd over - 0 run(s), 1 hit(s), 0 error(s), 1 left on base; York 0 - Provo 0
TOP OF THE 3RD
York Revolution batting - Pitching for Provo Mango : RHP Salvador Torres
Batting: RHB Jorge Barrón 0-0: Ball
1-0: Called Strike
1-1: Foul Ball, location: 2F
1-2: Foul Ball, location: 2F
1-2: Ball
2-2: SINGLE (Groundball, 56D)
Batting: RHB Edgardo Bello 0-0: Foul Ball, location: 2F
0-1: Ball
1-1: Foul Ball, location: 2F
1-2: Ball
2-2: Ball
3-2: Foul Ball, location: 2F
3-2: Foul Ball, location: 2F
3-2: Foul Ball, location: 2F
3-2: Foul Ball, location: 2F
3-2: DOUBLE (Groundball, 5L)
Jorge Barrón to third
Batting: SHB Carlos González 0-0: Ball
1-0: Foul Ball, location: 2F
1-1: Ball
2-1: Fly out, F8 (Line Drive, 8LM)
Runner from 3rd tags up, SCORES, throw made
Batting: RHB Terry Cheadle 0-0: Swinging Strike
0-1: Ground out 6-3 (Groundball, 6)
Batting: LHB Harold Wiggins 0-0: Foul Ball, location: 2F
0-1: Foul Ball, location: 2F
0-2: Strikes out swinging
Top of the 3rd over - 1 run(s), 2 hit(s), 0 error(s), 1 left on base; York 1 - Provo 0
BOTTOM OF THE 3RD
Provo Mango batting - Pitching for York Revolution : RHP Delmar Llerena
Batting: SHB José Ibáńez 0-0: Foul Ball, location: 2F
0-1: SINGLE (Groundball, 56S) (infield hit)
Batting: RHB Daniel Maldonado 0-0: Called Strike
0-1: Called Strike
0-2: Foul Ball, location: 2F
0-2: SINGLE (Line Drive, 6MD)
José Ibáńez to second
Batting: RHB James Pike 0-0: Foul Ball, location: 2F
0-1: Swinging Strike
0-2: Foul Ball, location: 2F
Balk!
José Ibáńez to third
Daniel Maldonado to second
0-2: Strikes out looking
Batting: SHB Jesús Herrera 0-0: Called Strike
0-1: Foul Ball, location: 2F
0-2: Fly out, F9 (Line Drive, 9)
Runner from 3rd tags up, SCORES, no throw
Batting: RHB Restin P. Surambe 0-0: Ball
1-0: Ball
2-0: Fly out, F9 (Flyball, 9D)
Bottom of the 3rd over - 1 run(s), 2 hit(s), 0 error(s), 1 left on base; York 1 - Provo 1
TOP OF THE 4TH
York Revolution batting - Pitching for Provo Mango : RHP Salvador Torres
Batting: RHB Leo Cadden 0-0: Ball
1-0: DOUBLE (Line Drive, 78D)
Pitching: LHP James Atkinson
Batting: SHB Roberto Córdova 0-0: Called Strike
0-1: Foul Ball, location: 2F
0-2: Strikes out looking
Batting: RHB Jorge Estrada 0-0: Called Strike
Leo Cadden steals 3rd base
0-1: Swinging Strike
0-2: Foul Ball, location: 2F
0-2: Fly out, F8 (Flyball, 8RS)
Runner from 3rd tags up, SCORES, no throw
Batting: RHB Chano Guzmán 0-0: Called Strike
0-1: Ground out 2-3 (Groundball, 2L)
Top of the 4th over - 1 run(s), 1 hit(s), 0 error(s), 0 left on base; York 2 - Provo 1
BOTTOM OF THE 4TH
Provo Mango batting - Pitching for York Revolution : RHP Delmar Llerena
Batting: RHB Jaquiski Tartt 0-0: Swinging Strike
0-1: Foul Ball, location: 2F
0-2: Ball
1-2: Foul Ball, location: 2F
1-2: Foul Ball, location: 2F
1-2: SINGLE (Groundball, 34D)
Batting: RHB José Salazar 0-0: Called Strike
0-1: SINGLE (Line Drive, 78S)
Jaquiski Tartt to second
Batting: RHB Jesús Ramos 0-0: Ball
1-0: Called Strike
1-1: Fielders Choice at 2nd, 5-4 (Groundball, 5)
Jaquiski Tartt to third
Batting: RHB Rhett Barry 0-0: Called Strike
0-1: Ball
1-1: Ball
2-1: Ball
Jesús Ramos steals 2nd base
3-1: Base on Balls
Batting: SHB José Ibáńez 0-0: Called Strike
0-1: Fielders Choice at 2nd, 6-4 (Groundball, 6)
Jaquiski Tartt scores
Jesús Ramos to third
Batting: RHB Daniel Maldonado 0-0: Ball
1-0: Foul Ball, location: 2F
1-1: Foul Ball, location: 2F
1-2: Fly out, F7 (Line Drive, 78D)
Bottom of the 4th over - 1 run(s), 2 hit(s), 0 error(s), 2 left on base; York 2 - Provo 2
TOP OF THE 5TH
York Revolution batting - Pitching for Provo Mango : LHP James Atkinson
Batting: RHB Jorge Barrón 0-0: Ball
1-0: Ball
2-0: Foul Ball, location: 2F
2-1: Ground out 6-3 (Groundball, 6M)
Batting: RHB Edgardo Bello 0-0: Swinging Strike
0-1: Called Strike
0-2: Ball
1-2: Foul Ball, location: 2F
1-2: Ball
2-2: Strikes out looking
Batting: SHB Carlos González 0-0: Called Strike
0-1: Ball
1-1: Called Strike
1-2: Fly out, F8 (Flyball, 8LM)
Top of the 5th over - 0 run(s), 0 hit(s), 0 error(s), 0 left on base; York 2 - Provo 2
BOTTOM OF THE 5TH
Provo Mango batting - Pitching for York Revolution : RHP Delmar Llerena
Batting: RHB James Pike 0-0: Foul Ball, location: 2F
0-1: Ball
1-1: Ball
2-1: Foul Ball, location: 2F
2-2: Ball
3-2: Foul Ball, location: 2F
3-2: SINGLE (Groundball, 6) (infield hit)
Pitching: RHP Roger Serr
Batting: SHB Jesús Herrera 0-0: Ball
1-0: Swinging Strike
1-1: Called Strike
1-2: Fielders Choice at 2nd, 4-6 (Groundball, 4)
Batting: RHB Restin P. Surambe 0-0: Called Strike
Jesús Herrera is caught stealing 2nd base
0-1: Foul Ball, location: 2F
0-2: Ground out 1-3 (Groundball, P)
Bottom of the 5th over - 0 run(s), 1 hit(s), 0 error(s), 0 left on base; York 2 - Provo 2
TOP OF THE 6TH
York Revolution batting - Pitching for Provo Mango : LHP James Atkinson
Batting: RHB Terry Cheadle 0-0: Ball
1-0: Swinging Strike
1-1: SINGLE (Line Drive, 4D)
Batting: LHB Harold Wiggins 0-0: Ball
1-0: Called Strike
1-1: Ball
2-1: Ball
3-1: Fly out, F7 (Flyball, 7LSF)
Batting: RHB Leo Cadden 0-0: Ball
1-0: Called Strike
1-1: Ball
Terry Cheadle steals 2nd base
2-1: Intentional Walk
Batting: SHB Roberto Córdova 0-0: Ball
1-0: Called Strike
1-1: Foul Ball, location: 2F
1-2: Ball
2-2: Strikes out swinging
Batting: RHB Jorge Estrada 0-0: Reached via error on a dropped throw, E6
Terry Cheadle to third
Leo Cadden to second
Batting: RHB Chano Guzmán 0-0: Ball
1-0: Ball
2-0: Foul Ball, location: 2F
2-1: Ball
3-1: Base on Balls
Terry Cheadle scores
Leo Cadden to third
Jorge Estrada to second
Batting: RHB Jorge Barrón 0-0: Ground out 5-3 (Groundball, 56S)
Top of the 6th over - 1 run(s), 1 hit(s), 1 error(s), 3 left on base; York 3 - Provo 2
BOTTOM OF THE 6TH
Provo Mango batting - Pitching for York Revolution : RHP Roger Serr
Batting: RHB Jaquiski Tartt 0-0: Called Strike
0-1: Ball
1-1: Foul Ball, location: 2F
1-2: Reached on error, E5 (Popup, 5S)
Batting: RHB José Salazar 0-0: Bunt missed!
0-1: Sac Bunt - play at first, batter OUT! 1-4
Jaquiski Tartt to second
Batting: RHB Jesús Ramos 0-0: Ball
1-0: Ball
2-0: Called Strike
2-1: Swinging Strike
2-2: Hit by Pitch
Batting: RHB Rhett Barry 0-0: Foul Ball, location: 2F
0-1: Swinging Strike
0-2: Ball
1-2: Ball
2-2: SINGLE (Line Drive, 56)
Jaquiski Tartt to third
Jesús Ramos to second
Batting: SHB José Ibáńez 0-0: Ball
1-0: Swinging Strike
1-1: Called Strike
1-2: Strikes out swinging
Batting: RHB Daniel Maldonado 0-0: Called Strike
0-1: Swinging Strike
0-2: Foul Ball, location: 2F
0-2: Foul Ball, location: 2F
0-2: Ball
1-2: Strikes out looking
Bottom of the 6th over - 0 run(s), 1 hit(s), 1 error(s), 3 left on base; York 3 - Provo 2
TOP OF THE 7TH
York Revolution batting - Pitching for Provo Mango : LHP James Atkinson
Batting: RHB Edgardo Bello 0-0: Ball
1-0: Fly out, F7 (Flyball, 7)
Batting: SHB Carlos González 0-0: Ball
1-0: Swinging Strike
1-1: Ball
2-1: Foul Ball, location: 2F
2-2: Foul Ball, location: 2F
2-2: Fly out, F8 (Line Drive, 8LM)
Pitching: RHP Ellerd Peters
Batting: RHB Terry Cheadle 0-0: Called Strike
0-1: Ball
1-1: Ball
2-1: Swinging Strike
2-2: Ball
3-2: Foul Ball, location: 2F
3-2: Strikes out swinging
Top of the 7th over - 0 run(s), 0 hit(s), 0 error(s), 0 left on base; York 3 - Provo 2
BOTTOM OF THE 7TH
Provo Mango batting - Pitching for York Revolution : RHP Roger Serr
Batting: RHB James Pike 0-0: Ball
1-0: Ground out 5-3 (Groundball, 56)
Batting: SHB Jesús Herrera 0-0: Ball
1-0: Called Strike
1-1: Swinging Strike
1-2: SINGLE (Flyball, 8RS)
Pinch Hitting: LHB Jim Unknown 0-0: Called Strike
0-1: Grounds into double play, 4-6-3 (Groundball, 4)
Bottom of the 7th over - 0 run(s), 1 hit(s), 0 error(s), 0 left on base; York 3 - Provo 2
TOP OF THE 8TH
York Revolution batting - Pitching for Provo Mango : RHP Ellerd Peters
Now in RF: Jim Unknown
Batting: LHB Harold Wiggins 0-0: Ball
1-0: Ball
2-0: Foul Ball, location: 2F
2-1: Foul Ball, location: 2F
2-2: Foul Ball, location: 2F
2-2: Ball
3-2: Foul Ball, location: 2F
3-2: Foul Ball, location: 2F
3-2: Base on Balls
Pinch Hitting: LHB Jim Unknown 0-0: Ball
1-0: Ball
2-0: Ball
3-0: Called Strike
3-1: Called Strike
3-2: Foul Ball, location: 2F
3-2: Base on Balls
Harold Wiggins to second
Pinch Hitting: LHB Jim Unknown 0-0: Ball
1-0: Grounds into double play, 3-6-3 (Groundball, 3)
Harold Wiggins to third
Pinch Hitting: RHB Jim Unknown 0-0: Intentional Walk
Pinch Hitting: LHB Arturo Aguilar 0-0: Foul Ball, location: 2F
0-1: Swinging Strike
0-2: Strikes out swinging
Top of the 8th over - 0 run(s), 0 hit(s), 0 error(s), 2 left on base; York 3 - Provo 2
BOTTOM OF THE 8TH
Provo Mango batting - Pitching for York Revolution : RHP Roger Serr
Pitching: RHP Denis Leleu
Now at 1B: Jim Unknown
Now at 2B: Donald Perry
Now at 3B: Jim Unknown
Now at SS: Arturo Aguilar
Batting: RHB Jaquiski Tartt 0-0: Called Strike
0-1: Foul Ball, location: 2F
0-2: Ball
1-2: Fly out, F6 (Popup, 6)
Batting: RHB José Salazar 0-0: Called Strike
0-1: Ball
1-1: Ball
2-1: Ball
3-1: Foul Ball, location: 2F
3-2: Foul Ball, location: 2F
3-2: Base on Balls
Pinch Hitting: RHB Juan Morales 0-0: Ball
1-0: Ball
Wild Pitch!
José Salazar to second
2-0: SINGLE (Flyball, 7S)
José Salazar to third
Pinch Hitting: RHB Jim Unknown 0-0: Called Strike
0-1: Swinging Strike
0-2: Strikes out looking
Pitching: LHP Robinson Agrón
Batting: SHB José Ibáńez 0-0: Ball
1-0: Called Strike
1-1: Ball
2-1: Foul Ball, location: 2F
2-2: Ball
3-2: Ground out 2-3 (Groundball, 2L)
Bottom of the 8th over - 0 run(s), 1 hit(s), 0 error(s), 2 left on base; York 3 - Provo 2
TOP OF THE 9TH
York Revolution batting - Pitching for Provo Mango : RHP Ellerd Peters
Now at 3B: Jim Unknown
Now in LF: Juan Morales
Batting: RHB Jorge Barrón 0-0: Fly out, F8 (Line Drive, 8LM)
Batting: RHB Edgardo Bello 0-0: Ball
1-0: Foul Ball, location: 2F
1-1: Ball
2-1: Ball
3-1: Called Strike
3-2: Strikes out swinging
Batting: SHB Carlos González 0-0: Ball
1-0: Ball
2-0: Called Strike
2-1: Ball
3-1: Base on Balls
Pinch Hitting: RHB Carlos Meléndez 0-0: Ball
1-0: Ball
2-0: Swinging Strike
2-1: Ball
3-1: Foul Ball, location: 2F
Pickoff Throw to First - Error! E1
Carlos González to second
3-2: Foul Ball, location: 2F
3-2: Foul Ball, location: 2F
3-2: Fly out, F6 (Popup, 56)
Top of the 9th over - 0 run(s), 0 hit(s), 1 error(s), 1 left on base; York 3 - Provo 2
BOTTOM OF THE 9TH
Provo Mango batting - Pitching for York Revolution : LHP Robinson Agrón
Pitching: RHP Chang-bum P'i
Now at 1B: Carlos Meléndez
Pinch Hitting: SHB Salvador Salinas 0-0: DOUBLE (Flyball, 7LM)
Batting: RHB James Pike 0-0: Fly out, F9 (Flyball, 9S)
Batting: SHB Jesús Herrera 0-0: Called Strike
0-1: Called Strike
0-2: Ball
1-2: Strikes out swinging
Batting: LHB Jim Unknown 0-0: Ball
1-0: Swinging Strike
1-1: Foul Ball, location: 2F
1-2: Ball
2-2: Foul Ball, location: 2F
2-2: Ball
3-2: Foul Ball, location: 2F
3-2: Foul Ball, location: 2F
3-2: Base on Balls
Batting: RHB Jaquiski Tartt 0-0: Foul Ball, location: 2F
0-1: Fielders Choice at 2nd, 4-6 (Groundball, 4)
Bottom of the 9th over - 0 run(s), 1 hit(s), 0 error(s), 1 left on base; York 3 - Provo 2
Friday, December 30th, 2016 - OOTP Baseball 17.12 Build 75